| TOP OF THE 1ST |
|
Canton Indians batting - Pitching for Windy City ThunderBolts : RHP Ryan Burson
|
|
Pitching: RHP Ryan Burson
|
|
|
Batting: RHB Kenzo Shinoda
|
0-0: Ball 1-0: Ball 2-0: Ball 3-0: Base on Balls
|
|
Batting: LHB Costodio Varino
|
0-0: Ball Kenzo Shinoda is caught stealing 2nd base 2-6 1-0: Ball 2-0: Ball 3-0: Called Strike 3-1: SINGLE (Groundball, 56, EV 99.4 MPH)
|
|
Batting: LHB Dave Key
|
0-0: Called Strike 0-1: SINGLE (Groundball, 34D, EV 105.0 MPH) Costodio Varino to second Runner from 2nd tries for 3rd, SAFE, throw by RF made to third Dave Key to second
|
|
Batting: RHB Carlos Abrego
|
0-0: Ball 1-0: Foul Ball, location: 2F 1-1: SINGLE (Flyball, 4D, EV 83.8 MPH) Costodio Varino scores Dave Key to third
|
|
Batting: LHB Shane Montalvo
|
0-0: Ball 1-0: Swinging Strike 1-1: Foul Ball, location: 2F 1-2: Fielders Choice at 2nd, 3-6 (Groundball, 3, EV 102.5 MPH) Dave Key scores
|
|
Batting: RHB Kevin Trull
|
0-0: Called Strike Shane Montalvo steals 2nd base 0-1: Ground out U3 (Groundball, 34S, EV 85.0 MPH)
|
| Top of the 1st over - 2 runs, 3 hits, 0 errors, 1 left on base; Canton 2 - Windy City 0 |
| BOTTOM OF THE 1ST |
|
Windy City ThunderBolts batting - Pitching for Canton Indians : RHP Chris Cohen
|
|
Pitching: RHP Chris Cohen
|
|
|
Batting: LHB Adam Tarbutton
|
0-0: Foul Ball, location: 2F 0-1: Ball 1-1: Ball 2-1: Ball 3-1: Swinging Strike 3-2: Base on Balls
|
|
Batting: LHB Matt Hyde
|
0-0: Ball 1-0: DOUBLE (Line Drive, 8RXD, EV 104.4 MPH) Adam Tarbutton to third
|
|
Batting: LHB Larry Myers
|
0-0: Ball 1-0: Ball 2-0: SINGLE (Groundball, 4MD, EV 103.1 MPH) Adam Tarbutton scores Matt Hyde to third
|
|
Batting: LHB Justin Stickney
|
0-0: Ball 1-0: Called Strike Larry Myers steals 2nd base 1-1: Ball 2-1: Foul Ball, location: 2F 2-2: Foul Ball, location: 2F 2-2: SINGLE (Line Drive, 5D, EV 95.6 MPH) Matt Hyde scores Larry Myers to third
|
|
Batting: RHB Josiah Wright
|
0-0: Ball 1-0: Ball 2-0: Ball 3-0: Base on Balls Justin Stickney to second
|
|
Pitching: RHP Howard Allen
|
|
|
Batting: LHB Evan Oliveri
|
0-0: Fly out, F7 (Flyball, 7, EV 88.1 MPH)
|
|
Batting: LHB Eddie Reyes
|
0-0: Ball 1-0: Swinging Strike 1-1: Swinging Strike 1-2: Strikes out swinging
|
|
Batting: RHB Mario Gomez
|
0-0: Called Strike 0-1: Ball 1-1: Ball 2-1: Called Strike 2-2: Foul Ball, location: 2F 2-2: Ball Wild Pitch! Larry Myers scores Justin Stickney to third Josiah Wright to second 3-2: Strikes out looking
|
| Bottom of the 1st over - 3 runs, 3 hits, 0 errors, 2 left on base; Canton 2 - Windy City 3 |
| TOP OF THE 2ND |
|
Canton Indians batting - Pitching for Windy City ThunderBolts : RHP Ryan Burson
|
|
Batting: RHB John Bianconi
|
0-0: Ground out 5-3 (Groundball, 56, EV 89.4 MPH)
|
|
Batting: RHB Eric Kuck
|
0-0: Called Strike 0-1: Ball 1-1: Ball 2-1: Ball 3-1: Base on Balls
|
|
Batting: LHB Rich Walker
|
0-0: Foul Ball, location: 2F 0-1: Ball 1-1: Ball 2-1: Ball 3-1: Called Strike 3-2: Base on Balls Eric Kuck to second
|
|
Batting: RHB Kenzo Shinoda
|
0-0: Ball 1-0: Ball 2-0: Called Strike 2-1: Grounds into double play, 4-6-3 (Groundball, 4, EV 101.3 MPH)
|
| Top of the 2nd over - 0 runs, 0 hits, 0 errors, 1 left on base; Canton 2 - Windy City 3 |
| BOTTOM OF THE 2ND |
|
Windy City ThunderBolts batting - Pitching for Canton Indians : RHP Howard Allen
|
|
Batting: SHB Alfie Bungledorf
|
0-0: Ball 1-0: Ball 2-0: Called Strike 2-1: Ball 3-1: DOUBLE (Flyball, 8RD, EV 94.4 MPH)
|
|
Batting: LHB Adam Tarbutton
|
0-0: Ball 1-0: Fly out, F6 (Popup, 4M, EV 74.4 MPH)
|
|
Pitching: RHP Terry Sterling
|
|
|
Batting: LHB Matt Hyde
|
0-0: Called Strike 0-1: Ball 1-1: Ball 2-1: Called Strike 2-2: Ball 3-2: Strikes out swinging
|
|
Batting: LHB Larry Myers
|
0-0: Called Strike 0-1: Ball 1-1: Foul Ball, location: 2F 1-2: DOUBLE (Line Drive, 7LD, EV 100.0 MPH) Alfie Bungledorf scores
|
|
Batting: LHB Justin Stickney
|
0-0: Foul Ball, location: 2F 0-1: SINGLE (Groundball, 4MD, EV 103.1 MPH) Larry Myers to third Runner from 3rd tries for Home, SAFE, throw by CF to home
|
|
Batting: RHB Josiah Wright
|
0-0: Ball 1-0: Foul Ball, location: 2F 1-1: Called Strike 1-2: Foul Ball, location: 2F 1-2: SINGLE (Flyball, 5D, EV 87.5 MPH) Justin Stickney to second
|
|
Batting: LHB Evan Oliveri
|
0-0: Ball 1-0: Ball 2-0: Hit by Pitch Justin Stickney to third Josiah Wright to second
|
|
Pitching: RHP Ian Nordquist
|
|
|
Batting: LHB Eddie Reyes
|
0-0: Ball 1-0: Ball 2-0: Fly out, F7 (Flyball, 7, EV 90.6 MPH)
|
| Bottom of the 2nd over - 2 runs, 4 hits, 0 errors, 3 left on base; Canton 2 - Windy City 5 |
| TOP OF THE 3RD |
|
Canton Indians batting - Pitching for Windy City ThunderBolts : RHP Ryan Burson
|
|
Batting: LHB Costodio Varino
|
0-0: Called Strike 0-1: Ball 1-1: Foul Ball, location: 2F 1-2: Fly out, F5 (Flyball, 5D, EV 73.1 MPH)
|
|
Batting: LHB Dave Key
|
0-0: Foul Ball, location: 2F 0-1: Ball 1-1: Ball 2-1: SOLO HOME RUN (Flyball, 9LD, EV 106.3 MPH) (Inside the Park)
|
|
Batting: RHB Carlos Abrego
|
0-0: Foul Ball, location: 2F 0-1: Called Strike 0-2: Ball 1-2: Ball 2-2: TRIPLE (Flyball, 9LD, EV 87.5 MPH)
|
|
Batting: LHB Shane Montalvo
|
0-0: Ground out 3-1 (Groundball, 34, EV 83.8 MPH) Carlos Abrego scores
|
|
Batting: RHB Kevin Trull
|
0-0: Foul Ball, location: 2F 0-1: SINGLE (Groundball, 6M, EV 102.5 MPH)
|
|
Batting: RHB John Bianconi
|
0-0: Called Strike 0-1: Called Strike 0-2: Foul Ball, location: 2F 0-2: Fly out, F3 (Line Drive, 3, EV 70.0 MPH)
|
| Top of the 3rd over - 2 runs, 3 hits, 0 errors, 1 left on base; Canton 4 - Windy City 5 |
| BOTTOM OF THE 3RD |
|
Windy City ThunderBolts batting - Pitching for Canton Indians : RHP Ian Nordquist
|
|
Batting: RHB Mario Gomez
|
0-0: Called Strike 0-1: Foul Ball, location: 2F 0-2: Ball 1-2: Ball 2-2: Ball 3-2: Base on Balls
|
|
Batting: SHB Alfie Bungledorf
|
0-0: Called Strike 0-1: DOUBLE (Flyball, 89XD, EV 109.4 MPH) Mario Gomez to third
|
|
Batting: LHB Adam Tarbutton
|
0-0: Ball 1-0: Ball 2-0: Ball Wild Pitch! Mario Gomez scores Alfie Bungledorf to third 3-0: Base on Balls
|
|
Batting: LHB Matt Hyde
|
0-0: Ball 1-0: Ball 2-0: Called Strike 2-1: SINGLE (Line Drive, 4MD, EV 109.4 MPH) Alfie Bungledorf scores Adam Tarbutton to second
|
|
Pitching: RHP Nate Souza
|
|
|
Batting: LHB Larry Myers
|
0-0: Ball 1-0: Foul Ball, location: 2F 1-1: Foul Ball, location: 2F 1-2: Ball 2-2: Strikes out swinging
|
|
Batting: LHB Justin Stickney
|
0-0: Swinging Strike 0-1: Foul Ball, location: 2F 0-2: Ball 1-2: Foul Ball, location: 2F 1-2: SINGLE (Line Drive, 7S, EV 89.4 MPH) Adam Tarbutton to third Matt Hyde to second Runner from 3rd tries for Home, SAFE, throw by LF to home
|
|
Batting: RHB Josiah Wright
|
0-0: Ball 1-0: SINGLE (Line Drive, 8RS, EV 96.9 MPH) Matt Hyde to third Justin Stickney to second Runner from 3rd tries for Home, SAFE, throw by CF to trailing runner, SAFE at third!
|
|
Batting: LHB Evan Oliveri
|
0-0: Ball Josiah Wright steals 2nd base 1-0: Ball 2-0: Ball 3-0: Base on Balls
|
|
Batting: LHB Eddie Reyes
|
0-0: DOUBLE (Line Drive, 9LD, EV 110.6 MPH) Justin Stickney scores Josiah Wright scores Evan Oliveri to third Runner from 3rd tries for Home, SAFE, throw by RF to home
|
|
Batting: RHB Mario Gomez
|
0-0: Foul Ball, location: 2F 0-1: Ball 1-1: Foul Ball, location: 2F 1-2: Fly out, F7 (Flyball, 7D, EV 100.6 MPH)
|
|
Batting: SHB Alfie Bungledorf
|
0-0: Ball 1-0: Ball 2-0: Swinging Strike 2-1: Foul Ball, location: 2F 2-2: Foul Ball, location: 2F 2-2: Ball 3-2: Strikes out looking
|
| Bottom of the 3rd over - 7 runs, 5 hits, 0 errors, 1 left on base; Canton 4 - Windy City 12 |
| TOP OF THE 4TH |
|
Canton Indians batting - Pitching for Windy City ThunderBolts : RHP Ryan Burson
|
|
Batting: RHB Eric Kuck
|
0-0: Called Strike 0-1: SOLO HOME RUN (Flyball, 7LD, EV 93.1 MPH), Distance : 353 ft
|
|
Batting: LHB Rich Walker
|
0-0: Ground out 6-3 (Groundball, 6, EV 78.8 MPH)
|
|
Batting: RHB Kenzo Shinoda
|
0-0: Ball 1-0: Swinging Strike 1-1: Swinging Strike 1-2: Foul Ball, location: 2F 1-2: Ball 2-2: Ball 3-2: Foul Ball, location: 2F 3-2: Base on Balls
|
|
Batting: LHB Costodio Varino
|
0-0: Ball Kenzo Shinoda steals 2nd base 1-0: Ball 2-0: Swinging Strike 2-1: Ball 3-1: Called Strike 3-2: Foul Ball, location: 2F 3-2: Base on Balls
|
|
Batting: LHB Dave Key
|
0-0: Called Strike 0-1: Called Strike 0-2: Fly out, F7 (Flyball, 7LS, EV 89.4 MPH)
|
|
Batting: RHB Carlos Abrego
|
0-0: Called Strike 0-1: SINGLE (Groundball, 6M, EV 104.4 MPH) (infield hit) Kenzo Shinoda to third Costodio Varino to second
|
|
Batting: LHB Shane Montalvo
|
0-0: Called Strike 0-1: Ball 1-1: Foul Ball, location: 2F 1-2: Ball 2-2: Fly out, F5 (Popup, 5, EV 71.3 MPH)
|
| Top of the 4th over - 1 run, 2 hits, 0 errors, 3 left on base; Canton 5 - Windy City 12 |
| BOTTOM OF THE 4TH |
|
Windy City ThunderBolts batting - Pitching for Canton Indians : RHP Nate Souza
|
|
Batting: LHB Adam Tarbutton
|
0-0: Ball 1-0: Foul Ball, location: 2F 1-1: Fly out, F6 (Flyball, 6D, EV 80.6 MPH)
|
|
Batting: LHB Matt Hyde
|
0-0: Called Strike 0-1: SINGLE (Line Drive, 9LM, EV 111.3 MPH)
|
|
Batting: LHB Larry Myers
|
0-0: Called Strike 0-1: Ball 1-1: SINGLE (Line Drive, 9S, EV 96.3 MPH) Matt Hyde to second
|
|
Batting: LHB Justin Stickney
|
0-0: Called Strike 0-1: Fly out, F6 (Popup, 56D, EV 63.1 MPH)
|
|
Batting: RHB Josiah Wright
|
0-0: Ball 1-0: Ball 2-0: Called Strike 2-1: Ball 3-1: 3-RUN HOME RUN (Line Drive, 78XD, EV 114.4 MPH), Distance : 433 ft
|
|
Pitching: RHP Steve Gusman
|
|
|
Batting: LHB Evan Oliveri
|
0-0: Ball 1-0: SINGLE (Flyball, 78S, EV 88.8 MPH)
|
|
Batting: LHB Eddie Reyes
|
0-0: Called Strike 0-1: SINGLE (Line Drive, 8RS, EV 106.3 MPH) Evan Oliveri to second
|
|
Batting: RHB Mario Gomez
|
0-0: Called Strike 0-1: Swinging Strike 0-2: Fly out, F8 (Flyball, 8RS, EV 91.3 MPH)
|
| Bottom of the 4th over - 3 runs, 5 hits, 0 errors, 2 left on base; Canton 5 - Windy City 15 |
| TOP OF THE 5TH |
|
Canton Indians batting - Pitching for Windy City ThunderBolts : RHP Ryan Burson
|
|
Batting: RHB Kevin Trull
|
0-0: Ground out 1-3 (Groundball, 13, EV 65.6 MPH)
|
|
Batting: RHB John Bianconi
|
0-0: Ball 1-0: Swinging Strike 1-1: Ground out 5-3 (Groundball, 56, EV 81.3 MPH)
|
|
Batting: RHB Eric Kuck
|
0-0: Foul Ball, location: 2F 0-1: Foul Ball, location: 2F 0-2: Ball 1-2: Ball 2-2: Ground out 6-3 (Groundball, 6, EV 103.8 MPH)
|
| Top of the 5th over - 0 runs, 0 hits, 0 errors, 0 left on base; Canton 5 - Windy City 15 |
| BOTTOM OF THE 5TH |
|
Windy City ThunderBolts batting - Pitching for Canton Indians : RHP Steve Gusman
|
|
Batting: SHB Alfie Bungledorf
|
0-0: Called Strike 0-1: Swinging Strike 0-2: Fly out, F9 (Flyball, 9, EV 78.8 MPH)
|
|
Batting: LHB Adam Tarbutton
|
0-0: Ball 1-0: Ball 2-0: Ball 3-0: Base on Balls
|
|
Batting: LHB Matt Hyde
|
0-0: Called Strike 0-1: Foul Ball, location: 2F 0-2: Foul Ball, location: 2F 0-2: Ball 1-2: SINGLE (Groundball, 6MD, EV 98.8 MPH) Adam Tarbutton to second
|
|
Batting: LHB Larry Myers
|
0-0: Called Strike 0-1: Foul Ball, location: 2F 0-2: SINGLE (Groundball, 34D, EV 105.0 MPH) Adam Tarbutton to third Matt Hyde to second Runner from 3rd tries for Home, SAFE, throw by RF to home
|
|
Batting: LHB Justin Stickney
|
0-0: Fly out, F7 (Line Drive, 7S, EV 96.3 MPH)
|
|
Batting: RHB Josiah Wright
|
0-0: Foul Ball, location: 2F 0-1: Foul Ball, location: 2F Balk! Matt Hyde to third Larry Myers to second 0-2: Ball 1-2: SINGLE (Line Drive, 7S, EV 106.9 MPH) Matt Hyde scores Larry Myers to third Runner from 3rd tries for Home, SAFE, throw by LF to home
|
|
Batting: LHB Evan Oliveri
|
0-0: Called Strike 0-1: Ball 1-1: Called Strike 1-2: Strikes out swinging
|
| Bottom of the 5th over - 3 runs, 3 hits, 0 errors, 1 left on base; Canton 5 - Windy City 18 |
| TOP OF THE 6TH |
|
Canton Indians batting - Pitching for Windy City ThunderBolts : RHP Ryan Burson
|
|
Batting: LHB Rich Walker
|
0-0: Ball 1-0: Swinging Strike 1-1: Foul Ball, location: 2F 1-2: Ball 2-2: SOLO HOME RUN (Flyball, 9D, EV 103.8 MPH), Distance : 381 ft
|
|
Pitching: RHP Matt Christensen
|
|
|
Batting: RHB Kenzo Shinoda
|
0-0: Called Strike 0-1: Ball 1-1: Ground out 4-3 (Groundball, 4, EV 76.3 MPH)
|
|
Batting: LHB Costodio Varino
|
0-0: Ball 1-0: Called Strike 1-1: Swinging Strike 1-2: Ball 2-2: Foul Ball, location: 2F 2-2: Ball 3-2: Foul Ball, location: 2F 3-2: Foul Ball, location: 2F 3-2: Base on Balls
|
|
Batting: LHB Dave Key
|
0-0: Called Strike 0-1: Foul Ball, location: 2F 0-2: Ball 1-2: Foul Ball, location: 2F 1-2: DOUBLE (Line Drive, 78M, EV 106.3 MPH) Costodio Varino to third
|
|
Batting: RHB Carlos Abrego
|
0-0: Ball 1-0: Ball 2-0: SINGLE (Line Drive, 8LS, EV 94.4 MPH) Costodio Varino scores Dave Key to third
|
|
Pitching: LHP Ray Sowers
|
|
|
Batting: LHB Shane Montalvo
|
0-0: Called Strike 0-1: Called Strike 0-2: Ball 1-2: Ground out 4-3 (Groundball, 4, EV 92.5 MPH) Dave Key scores Carlos Abrego to second
|
|
Batting: RHB Kevin Trull
|
0-0: Foul Ball, location: 2F 0-1: Foul Ball, location: 2F 0-2: Foul Ball, location: 2F 0-2: Foul Ball, location: 2F 0-2: Ball 1-2: Ball 2-2: Ball 3-2: Ground out 4-3 (Groundball, 4, EV 106.9 MPH)
|
| Top of the 6th over - 3 runs, 3 hits, 0 errors, 1 left on base; Canton 8 - Windy City 18 |
| BOTTOM OF THE 6TH |
|
Windy City ThunderBolts batting - Pitching for Canton Indians : RHP Steve Gusman
|
|
Batting: LHB Eddie Reyes
|
0-0: Ball 1-0: SINGLE (Groundball, 4MD, EV 103.8 MPH)
|
|
Batting: RHB Mario Gomez
|
0-0: Ball 1-0: Ball 2-0: Ball 3-0: Called Strike 3-1: Called Strike 3-2: Base on Balls Eddie Reyes to second
|
|
Pitching: RHP Luke Burnham
|
|
|
Batting: SHB Alfie Bungledorf
|
0-0: Called Strike 0-1: Ball 1-1: Ball 2-1: Fielders Choice at 2nd, 5-4 (Groundball, 5S, EV 83.1 MPH) Eddie Reyes to third
|
|
Batting: LHB Adam Tarbutton
|
0-0: Ball 1-0: Ball 2-0: Ball 3-0: Base on Balls Alfie Bungledorf to second
|
|
Batting: LHB Matt Hyde
|
0-0: Ball 1-0: Fly out, F8 (Line Drive, 8LD, EV 107.5 MPH) Runner from 3rd tags up, OUT at HOME! 8-2
|
| Bottom of the 6th over - 0 runs, 1 hit, 0 errors, 2 left on base; Canton 8 - Windy City 18 |
| TOP OF THE 7TH |
|
Canton Indians batting - Pitching for Windy City ThunderBolts : LHP Ray Sowers
|
|
Batting: RHB John Bianconi
|
0-0: Ball 1-0: Called Strike 1-1: Foul Ball, location: 2F 1-2: Ground out 4-3 (Groundball, 4M, EV 86.3 MPH)
|
|
Batting: RHB Jason Roberts
|
0-0: Called Strike 0-1: Ball 1-1: Ball 2-1: Foul Ball, location: 2F 2-2: Ball 3-2: Foul Ball, location: 2F 3-2: SINGLE (Line Drive, 9LS, EV 90.0 MPH)
|
|
Pitching: RHP Maury Compson
|
|
|
Batting: LHB Rich Walker
|
0-0: Called Strike 0-1: Ball 1-1: Foul Ball, location: 2F 1-2: Ball 2-2: Strikes out looking
|
|
Batting: RHB Kenzo Shinoda
|
0-0: Called Strike 0-1: Called Strike 0-2: Strikes out swinging
|
| Top of the 7th over - 0 runs, 1 hit, 0 errors, 1 left on base; Canton 8 - Windy City 18 |
| BOTTOM OF THE 7TH |
|
Windy City ThunderBolts batting - Pitching for Canton Indians : RHP Luke Burnham
|
|
Batting: LHB Larry Myers
|
0-0: Ground out 4-3 (Groundball, 4, EV 93.8 MPH)
|
|
Batting: LHB Justin Stickney
|
0-0: Ball 1-0: Called Strike 1-1: SINGLE (Flyball, 5D, EV 91.3 MPH)
|
|
Batting: RHB Josiah Wright
|
0-0: Ball 1-0: Ball Wild Pitch! Justin Stickney to second 2-0: Called Strike 2-1: Ball 3-1: Base on Balls
|
|
Batting: LHB Evan Oliveri
|
0-0: Called Strike 0-1: Called Strike 0-2: Ball 1-2: Foul Ball, location: 2F 1-2: Ball 2-2: Ball 3-2: Foul Ball, location: 2F 3-2: Fielders Choice at 2nd, 3-6 (Groundball, 3, EV 79.4 MPH) Justin Stickney to third
|
|
Batting: LHB Eddie Reyes
|
0-0: Ball 1-0: Ball 2-0: Called Strike 2-1: Swinging Strike 2-2: Foul Ball, location: 2F 2-2: 3-RUN HOME RUN (Flyball, 9D, EV 96.3 MPH), Distance : 359 ft
|
|
Batting: RHB Mario Gomez
|
0-0: Foul Ball, location: 2F 0-1: Foul Ball, location: 2F 0-2: Foul Ball, location: 2F 0-2: Fly out, F2 (Popup, 15S, EV 93.1 MPH)
|
| Bottom of the 7th over - 3 runs, 2 hits, 0 errors, 0 left on base; Canton 8 - Windy City 21 |
| TOP OF THE 8TH |
|
Canton Indians batting - Pitching for Windy City ThunderBolts : RHP Maury Compson
|
|
Batting: LHB Costodio Varino
|
0-0: Ball 1-0: Ball 2-0: Foul Ball, location: 2F 2-1: Foul Ball, location: 2F 2-2: Strikes out swinging
|
|
Batting: LHB Dave Key
|
0-0: SINGLE (Groundball, 6D, EV 94.4 MPH)
|
|
Batting: RHB Carlos Abrego
|
0-0: Ball 1-0: Foul Ball, location: 2F 1-1: Fly out, F8 (Flyball, 8RD, EV 98.8 MPH)
|
|
Batting: LHB Shane Montalvo
|
0-0: Ball 1-0: Foul Ball, location: 2F 1-1: Foul Ball, location: 2F 1-2: Ball 2-2: Ball 3-2: Foul Ball, location: 2F 3-2: SINGLE (Line Drive, 34D, EV 101.3 MPH) Dave Key to second Dave Key to third
|
|
Batting: RHB Kevin Trull
|
0-0: Foul Ball, location: 2F 0-1: SINGLE (Line Drive, 34, EV 94.4 MPH) Dave Key scores Shane Montalvo to second
|
|
Batting: RHB John Bianconi
|
0-0: Ball 1-0: Called Strike 1-1: Ball 2-1: Foul Ball, location: 2F 2-2: Foul Ball, location: 2F 2-2: Reached via error on a dropped throw from SS, E3 (Groundball, 6S, EV 86.9 MPH) Shane Montalvo to third Kevin Trull to second
|
|
Pitching: RHP Alec Guglielmo
|
|
|
Batting: RHB Jason Roberts
|
0-0: Foul Ball, location: 2F 0-1: Swinging Strike 0-2: Foul Ball, location: 2F 0-2: Ball 1-2: Foul Ball, location: 2F 1-2: Foul Ball, location: 2F 1-2: SINGLE (Groundball, 4MD, EV 100.0 MPH) Shane Montalvo scores Kevin Trull to third John Bianconi to second Runner from 3rd tries for Home, SAFE, throw by CF to home
|
|
Batting: LHB Rich Walker
|
0-0: Ball 1-0: Called Strike 1-1: Ball 2-1: Called Strike 2-2: Ground out U3 (Groundball, 3, EV 81.3 MPH)
|
| Top of the 8th over - 3 runs, 4 hits, 1 error, 2 left on base; Canton 11 - Windy City 21 |
| BOTTOM OF THE 8TH |
|
Windy City ThunderBolts batting - Pitching for Canton Indians : RHP Luke Burnham
|
|
Pitching: LHP Ricky Butts
|
|
|
Batting: SHB Alfie Bungledorf
|
0-0: Called Strike 0-1: Foul Ball, location: 2F 0-2: Ground out 6-3 (Groundball, 6, EV 98.8 MPH)
|
|
Pinch Hitting: LHB Herkko Haavikko
|
0-0: Ball 1-0: Fly out, F9 (Line Drive, 9, EV 90.6 MPH)
|
|
Batting: LHB Matt Hyde
|
0-0: Ball 1-0: Ball 2-0: Foul Ball, location: 2F 2-1: Foul Ball, location: 2F 2-2: Ball 3-2: Foul Ball, location: 2F 3-2: Foul Ball, location: 2F 3-2: Fly out, F4 (Line Drive, 4, EV 65.0 MPH)
|
| Bottom of the 8th over - 0 runs, 0 hits, 0 errors, 0 left on base; Canton 11 - Windy City 21 |
| TOP OF THE 9TH |
|
Canton Indians batting - Pitching for Windy City ThunderBolts : RHP Alec Guglielmo
|
|
Now in RF: Herkko Haavikko
|
|
|
Batting: RHB Kenzo Shinoda
|
0-0: Ground out 6-3 (Groundball, 6M, EV 88.1 MPH)
|
|
Batting: LHB Costodio Varino
|
0-0: Foul Ball, location: 2F 0-1: Called Strike 0-2: Ball 1-2: Ball 2-2: Ball 3-2: Foul Ball, location: 2F 3-2: Fly out, F8 (Flyball, 8LXD, EV 86.3 MPH)
|
|
Batting: LHB Dave Key
|
0-0: Swinging Strike 0-1: Ball 1-1: Foul Ball, location: 2F 1-2: Strikes out looking
|
| Top of the 9th over - 0 runs, 0 hits, 0 errors, 0 left on base; Canton 11 - Windy City 21 |
|